 Dungeon Crawl Stone Soup version 0.19.0-18-g426998a (webtiles) character file.

98 nikopol the Digger (level 4, 0/24 HPs)
             Began as a Gargoyle Earth Elementalist on Nov 11, 2016.
             Slain by a sky beast (1 damage)
             ... on level 3 of the Dungeon.
             The game lasted 00:10:13 (2059 turns).

nikopol the Digger (Gargoyle Earth Elementalist)    Turns: 2059, Time: 00:10:14

Health: 0/24       AC:  5    Str: 12    XL:     4   Next: 71%
Magic:  1/9        EV: 12    Int: 16    God:
Gold:   123        SH:  0    Dex: 10    Spells: 2 memorised, 6 levels left

rFire  . . .     SeeInvis .     u - +0 mace
rCold  . . .     Gourm    .     c - +0 robe
rNeg   + . .     Faith    .     (no shield)
rPois  ∞         Spirit   .     (no helmet)
rElec  +         Reflect  .     (no cloak)
rCorr  .         Harm     .     (no gloves)
MR     .....                    (no boots)
Stlth  ++........               i - amulet of regeneration
                                (no ring)
                                (no ring)

@: no status effects
A: negative energy resistance 1, electricity resistance, unbreathing,
petrification resistance, rot immunity, AC +3
a: no special abilities


You were on level 3 of the Dungeon.
You were not hungry.

You visited 1 branch of the dungeon, and saw 3 of its levels.

You collected 123 gold pieces.

Inventory:

Hand Weapons
 o - a +0 club
 u - a +0 mace (weapon)
Missiles
 b - 135 stones (quivered)
Armour
 c - a +0 robe (worn)
Jewellery
 i - an amulet of regeneration (around neck)
 l - an uncursed ring of protection from fire {unknown}
 m - an uncursed ring of stealth {unknown}
 q - a cursed amulet of inaccuracy {unknown}
Scrolls
 a - 3 scrolls of amnesia {unknown}
 f - 2 scrolls of noise {unknown}
 g - 2 scrolls of remove curse {unknown}
 h - 3 scrolls of enchant armour {unknown}
 n - 2 scrolls of fear {unknown}
 s - a scroll of recharging {unknown}
 t - 2 scrolls of teleportation {unknown}
 w - a scroll of random uselessness {unknown}
Potions
 p - a potion of curing {unknown}
 r - a potion of magic {unknown}
 v - a potion of might {unknown}
Books
 e - a book of Geomancy

   Spells                             Type                      Level
   a - Sandblast                      Earth                        1
   b - Passwall                       Transmutation/Earth          2
   c - Stone Arrow                    Conjuration/Earth            3
   d - Petrify                        Transmutation/Earth          4
   e - Lee's Rapid Deconstruction     Earth                        5
Comestibles
 d - 3 bread rations
 j - a royal jelly
 k - 2 meat rations


   Skills:
 - Level 1.5 Dodging
 - Level 2.1 Stealth
 * Level 3.7 Spellcasting
   Level 0.7 Transmutations
 + Level 4.7 Earth Magic


You had 6 spell levels left.
You knew the following spells:

 Your Spells              Type           Power        Failure   Level  Hunger
a - Sandblast             Erth           ###...       2%          1    None
b - Stone Arrow           Conj/Erth      ##....       21%         3    ###....


Dungeon Overview and Level Annotations

Branches:
Dungeon (3/15)

Altars:
The Shining One


Innate Abilities, Weirdness & Mutations

You are resistant to torment.
Your stone body is resilient. (AC +3)
You are immune to poison.
You resist negative energy. (rN+)
You are resistant to electric shocks. (rElec)
You can survive without breathing.
You are immune to petrification.
You are immune to rotting.


Message History

Press: ? - help, Shift-Dir - straight line, f/p - sky beast
Aim: a sky beast (heavily wounded)
The blast of sand hits the sky beast.
The sky beast is severely wounded.
The sky beast barely misses you.
Casting: Sandblast
Confirm with . or Enter, or press ? or * to list all spells.
Aiming: Sandblast
Press: ? - help, Shift-Dir - straight line, f/p - sky beast
Aim: a sky beast (severely wounded)
The blast of sand hits the sky beast.
The sky beast is severely wounded.
The sky beast flickers out of sight!
Deactivating autopickup; reactivate with Ctrl-A.
Something hits you.
* * * LOW HITPOINT WARNING * * *
Something shocks you. You resist.
* * * LOW HITPOINT WARNING * * *
Something hits you.
You die...

###### ##########....#
.#......##....#
.#......##....#############
.'.........................
.#......##.................
.#########....####.######## .#
#....#.@.......... .#
####.#{##.####...# ## #.#.##.# #
#.#[##.# ####### #.#.##.# #....=.
#############.#.##)########.#.#.#
............#.#.)..)........#....
###########...####.#####........g
#...........# #.........


There were no monsters in sight!

Vanquished Creatures
  4 adders
  2 worms (D:2)
  4 dart slugs
  4 orcs (D:3)
  2 ball pythons (D:2)
  4 bats
  A giant cockroach (D:1)
  2 goblins
  6 hobgoblins
  2 quokkas (D:3)
  5 frilled lizards
  7 kobolds
  5 rats
48 creatures vanquished.

Notes
Turn   | Place    | Note
-------+----------+-------------------------------------------
     0 | D:1      | nikopol the Gargoyle Earth Elementalist began the quest for the Orb.
     0 | D:1      | Reached XP level 1. HP: 10/10 MP: 3/3
   337 | D:1      | Reached XP level 2. HP: 15/15 MP: 3/5
   568 | D:1      | Reached skill level 4 in Earth Magic
   831 | D:2      | Reached XP level 3. HP: 19/19 MP: 0/7
   836 | D:2      | Learned a level 3 spell: Stone Arrow
  1524 | D:3      | Reached XP level 4. HP: 24/24 MP: 7/9
  1715 | D:3      | Found a glowing golden altar of the Shining One.
  2001 | D:3      | Noticed a sky beast
  2058 | D:3      | HP: 1/24 [something (1)]
  2059 | D:3      | Slain by a sky beast

Skill      XL: |  1  2  3 |
---------------+----------+-----
Earth Magic    | 4 |  4.7
Spellcasting   | 3 |  3.7
Dodging        | |  1.5
Stealth        | |  2.1
Transmutations | |  0.7

Action                   |  1- 3 |  4- 6 || total
-------------------------+-------+-------++-------
Melee: Unarmed           |     1 |       ||     1
       Club              |    84 |       ||    84
       Mace              |       |    25 ||    25
 Cast: Sandblast         |    59 |    38 ||    97
 Stab: Sleeping          |     2 |       ||     2
  Eat: Chunk             |     3 |     1 ||     4
Armor: Robe              |    47 |    24 ||    71
Dodge: Dodged            |    79 |    34 ||   113
